 Dungeon Crawl Stone Soup version 0.24.1-14-gf8d2b509d9 (webtiles) character file.

Game seed: 18105524405613150118, levelgen mode: deterministic

60 raph the Conjurer (level 3, 0/26 HPs)
             Began as a Draconian Conjurer on May 24, 2020.
             Killed from afar by an orc wizard (8 damage)
             ... with a puff of frost
             ... on level 2 of the Dungeon.
             The game lasted 00:03:49 (1870 turns).

raph the Conjurer (Draconian Conjurer)              Turns: 1870, Time: 00:03:50

Health: 0/26       AC:  6    Str: 10    XL:     3   Next: 82%
Magic:  0/6        EV: 12    Int: 16    God:
Gold:   103        SH:  0    Dex: 11    Spells: 3/6 levels left

rFire    . . .     SeeInvis .   a - +0 dagger
rCold    . . .     Gourm    .   (no shield)
rNeg     . . .     Faith    .   (armour unavailable)
rPois    .         Spirit   .   (helmet restricted)
rElec    .         Reflect  .   (no cloak)
rCorr    .         Harm     .   (no gloves)
MR       .....                  m - +0 pair of boots
Stlth    ++........             (no amulet)
HPRegen  0.08/turn              (no ring)
MPRegen  0.10/turn              (no ring)

@: no status effects
A: unfitting armour, cold-blooded, AC +5
a: no special abilities


You were on level 2 of the Dungeon.
You were hungry.

You visited 1 branch of the dungeon, and saw 3 of its levels.

You collected 103 gold pieces.

Inventory:

Hand Weapons
 a - a +0 dagger (weapon)
Missiles
 c - 61 stones (quivered)
 e - 10 poisoned darts
Armour
 m - a +0 pair of boots (worn)
Jewellery
 i - an uncursed ring of ice
Scrolls
 f - a scroll of enchant weapon {unknown}
 g - a scroll of teleportation {unknown}
 h - a scroll of identify {unknown}
 k - a scroll of blinking {unknown}
 n - a scroll of remove curse {unknown}
Potions
 d - a potion of degeneration {unknown}
 j - 2 potions of flight {unknown}
 l - a potion of ambrosia {unknown}
Comestibles
 b - 6 rations


   Skills:
 + Level 2.2 Dodging
 + Level 2.4 Stealth
 + Level 2.4 Spellcasting
 * Level 4.6 Conjurations


You had 3 spell levels left.
You knew the following spells:

 Your Spells              Type           Power        Failure   Level  Hunger
a - Magic Dart            Conj           ###.         3%          1    #......
b - Searing Ray           Conj           ###...       4%          2    ###....

Your spell library contained the following spells:

 Spells                   Type           Power        Failure   Level  Hunger
 Dazzling Spray           Conj/Hex       #.....       22%         3    ###....
 Iskenderun's Mystic Bla  Conj           ###.....     28%         4    #####..
 Force Lance              Conj/Tloc      #.......     58%         4    #####..
 Fulminant Prism          Conj/Hex       #.........   58%         4    #####..


Dungeon Overview and Level Annotations

Branches:
Dungeon (3/15)

Altars:

Annotations:
D:2 Natasha


Innate Abilities, Weirdness & Mutations

Your plain brown scales are hard. (AC +5)
You cannot fit into any form of body armour.
You are cold-blooded and may be slowed by cold attacks.


Message History

There is a stone staircase leading up here.
The orc wizard misses you. The orc wizard casts a spell at you.
The puff of frost hits you!
You climb upwards.
Level annotation: Natasha
There is a stone staircase leading down here.
Sorry, you're not good enough to have a special ability.
You are too injured to fight recklessly!
Unknown command.
Casting: Searing Ray (safe; 4% risk of failure)
Confirm with . or Enter, or press ? or * to list all spells.
Aiming: Magic Dart (safe; 3% risk of failure)
Press: ? - help, Shift-Dir - straight line, f - orc wizard
Aim: an orc wizard, wielding a +0 dagger and wearing a cursed +0 robe (severely wounded, fast)
The magic dart hits the orc wizard but does no damage.
The orc wizard is severely wounded.
The orc wizard casts a spell at you. The puff of frost hits you!
You die...

#.# #.#############
#.............#
####.###########.# #..#(#
########.#
#..#'####.....##.#
#.......#....)##.###########
#.......#..o................
#..........@................
#.........<...##.###########
#.####........##.#
#....'......####.#
######......# #.# #......#
#.# #......####'##
##......##....#
#.......##....#


You could see an orc wizard.

Vanquished Creatures
  Jessica (D:2)
  2 leopard geckos
  A ball python (D:1)
  5 bats
  2 giant cockroaches (D:2)
  4 goblins (D:1)
  3 hobgoblins
  6 kobolds
  5 frilled lizards
  3 rats
32 creatures vanquished.

Notes
Turn   | Place    | Note
-------+----------+-------------------------------------------
     0 | D:1      | raph the Draconian Conjurer began the quest for the Orb.
     0 | D:1      | Reached XP level 1. HP: 14/14 MP: 3/3
   363 | D:1      | Reached XP level 2. HP: 20/20 MP: 0/5
   420 | D:1      | Learned a level 2 spell: Searing Ray
  1261 | D:2      | Reached XP level 3. HP: 26/26 MP: 2/6
  1427 | D:2      | Noticed Natasha
  1500 | D:2      | Noticed Jessica
  1503 | D:2      | Killed Jessica
  1870 | D:2      | Killed from afar by an orc wizard

Levels and vault maps discovered:
D:1:      dpeg_arrival_leaves_temple_mockup, layout_basic, minmay_distorted
D:2:      layout_basic, first_ration, uniq_jessica, uniq_natasha
D:3:      layout_rooms, uniq_purgy

Skill      XL: |  1  2 |
---------------+-------+-----
Stealth        | 2 |  2.4
Dodging        | 2 |  2.2
Spellcasting   | |  2.4
Conjurations   | |  4.6

Action                   || total
-------------------------++-------
Melee: Dagger            ||    11
 Cast: Magic Dart        ||    55
       Searing Ray       ||     1
  Eat: Chunk             ||     3
Armor: Skin              ||     4
Dodge: Dodged            ||    14
